 Dungeon Crawl Stone Soup version 0.29-a0-11-ga75d3d97ab (webtiles) character file.

Game seed: 8106615359286008760

431 oldriver the Sneak (level 6, -3/43 HPs)
             Began as an Octopode Transmuter on Jan 29, 2022.
             Slain by a wraith (11 damage)
             ... on level 5 of the Dungeon.
             The game lasted 00:05:19 (5253 turns).

oldriver the Sneak (Octopode Transmuter)            Turns: 5253, Time: 00:05:19

Health: -3/43      AC:  2    Str: 10    XL:     6   Next: 99%
Magic:  5/9        EV: 19    Int: 17    God:
Gold:   140        SH:  0    Dex: 17    Spells: 3/9 levels left

rFire   . . .      SeeInvis .     - Unarmed
rCold   + . .      Faith    .   (shield currently unavailable)
rNeg    . . .      Spirit   .   (helmet currently unavailable)
rPois   x          Reflect  .   (no amulet)
rElec   .          Harm     .   k - ring of willpower
rCorr   .          Rampage  .   m - ring of protection from cold
Will    +....                   (no ring)
Stlth   +++.......              (no ring)
HPRegen 0.14/turn               (no ring)
MPRegen 0.11/turn               (no ring)
                                (no ring)
                                (no ring)

@: spider-form, wereblooded (expiring), slowed, very slow
A: venomous fangs, almost no armour, (amphibious), 8 rings, tiny, (camouflage
1), (gelatinous body 1), (nimble swimmer 1), (tentacles)
a: End Transformation


You were on level 5 of the Dungeon.
You were a venomous arachnid creature.
You visited 1 branch of the dungeon, and saw 5 of its levels.

You collected 170 gold pieces.
You spent 30 gold pieces at shops.

Inventory:

Jewellery
 k - a ring of willpower (left front leg)
 m - a ring of protection from cold (right front leg)
Scrolls
 c - a scroll of blinking {unknown}
 e - 2 scrolls of vulnerability {unknown}
 j - a scroll of noise {unknown}
 l - 3 scrolls of fear
 n - 4 scrolls of teleportation
 o - a scroll of silence {unknown}
 r - 3 scrolls of identify
 s - a scroll of enchant armour {unknown}
Potions
 a - a potion of curing {unknown}
 b - a potion of magic
 d - 2 potions of lignification {unknown}
 f - a potion of heal wounds {unknown}
 g - a potion of resistance
 h - a potion of berserk rage {unknown}
 i - a potion of mutation {unknown}
 p - a potion of haste {unknown}
 q - a potion of flight {unknown}


   Skills:
 + Level 4.1 Fighting
 - Level 2.0 Dodging
 - Level 5.0 Stealth
 - Level 3.0 Unarmed Combat
 - Level 2.0 Spellcasting
 + Level 4.5 Transmutations


You had 3 spell levels left.
You knew the following spells:

 Your Spells              Type           Power      Damage    Failure   Level
a - Beastly Appendage     Tmut           34%        N/A       11%         1
b - Wereblood             Tmut           17%        N/A       13%         2
c - Spider Form           Tmut/Pois      9%         N/A       43%         3

Your spell library contained the following spells:

 Spells                   Type           Power      Damage    Failure   Level
 Shock                    Conj/Air       4%         1d3       38%         1
 Scorch                   Fire           2%         2d5       50%         2
 Swiftness                Air            1%         N/A       71%         3
 Ice Form                 Ice/Tmut       9%         N/A       78%         4
 Airstrike                Air            0%         N/A       96%         4
 Flame Wave               Conj/Fire      1%         2d4       96%         4
 Summon Cactus Giant      Summ           0%         N/A       100%        6


Dungeon Overview and Level Annotations

Branches:
Dungeon (5/15)
 Temple: D:4-7

Altars:
Makhleb
The Shining One

Shops:
D:3 (???(


Innate Abilities, Weirdness & Mutations

You are a venomous arachnid creature.
You have poisonous fangs.
You are tiny and dextrous.
Your spellcasting is less reliable in this form.
Your armour is entirely melded.
You are incapable of wielding weapons or throwing items.
You cannot wear most types of armour.
((You are amphibious.))
You can wear up to eight rings at the same time.
((Your skin changes colour to match your surroundings (Stealth+).))
((Your rubbery body absorbs attacks. (AC +1, EV +1)))
((You are camouflaged when in or above water. (Stealth+)))
((You have tentacles for arms and can constrict up to eight enemies at once.))


Message History

The wraith hits you! The wraith drains your vigour!
You feel as though you will be slow longer.
You barely miss the wraith.
You pierce the wraith, but do no damage.
The wraith is moderately damaged.
The wraith hits you. The wraith drains your vigour!
You feel as though you will be slow longer.
The wraith closely misses you.
Casting: Wereblood (safe; 4% risk of failure)
Confirm with . or Enter, or press ? or * to list all spells.
The spell is quite dangerous to miscast (22% risk of failure)!
Continue anyway?
Your tentacle spike disappears.
You turn into a venomous arachnid creature.
The wraith barely misses you.
You hit the wraith but do no damage.
The wraith is moderately damaged.
The wraith hits you. The wraith drains your vigour!
You feel as though you will be slow longer.
You hit the wraith but do no damage.
The wraith is moderately damaged.
The wraith closely misses you. The wraith misses you.
You hit the wraith.
The wraith is moderately damaged.
The wraith misses you.
You hit the wraith.
The wraith is heavily damaged.
The wraith hits you!
* * * LOW HITPOINT WARNING * * *
You hit the wraith but do no damage.
The wraith is heavily damaged.
The wraith hits you.
* * * LOW HITPOINT WARNING * * *
The wraith drains your vigour!
You feel as though you will be slow longer.
The wraith completely misses you. The wraith closely misses you.
There is a stone staircase leading up here.
Your primal bloodlust is almost over.
The wraith hits you!
You die...

### . ####..##
..
......#####...
##...#.......
#...s#.......
#.##W........
#...#.....
#.........#
...
.........## .
.........#
..........
...........
...##......


You could see a wraith.

Vanquished Creatures
  An ogre (D:4)
  A necrophage (D:4)
  A scorpion (D:4)
  2 orc priests (D:4)
  4 adders
  An ufetubus (D:3)
  2 adder skeletons (D:4)
  2 worms (D:4)
  3 dart slugs
  2 orcs (D:4)
  10 bats
  8 endoplasms
  3 giant cockroaches
  4 goblins
  7 hobgoblins
  3 jackals (D:2)
  14 kobolds
  3 quokkas
  5 ball pythons
  A ball python skeleton (D:2)
  5 frilled lizards
  7 rats
89 creatures vanquished.

Notes
Turn   | Place    | Note
-------+----------+-------------------------------------------
     0 | D:1      | oldriver the Octopode Transmuter began the quest for the
                  | Orb.
     0 | D:1      | Reached XP level 1. HP: 13/13 MP: 3/3
     6 | D:1      | Noticed a black mamba
     6 | D:1      | Noticed a swamp worm
     7 | D:1      | Noticed an eight-headed hydra
     7 | D:1      | Noticed a black bear
   262 | D:1      | Reached XP level 2. HP: 18/18 MP: 3/5
   764 | D:1      | Reached skill level 1 in Stealth
  1043 | D:2      | Reached XP level 3. HP: 22/24 MP: 4/6
  1449 | D:2      | Found a faded altar of an unknown god.
  1800 | D:2      | Reached skill level 2 in Stealth
  1924 | D:2      | Reached XP level 4. HP: 13/29 MP: 5/7
  2358 | D:2      | Identified the +5 scale mail of the Lime {Slay+2}
  2365 | D:2      | Learned a level 2 spell: Wereblood
  2373 | D:3      | Found Ziplump's Magic Scroll Boutique.
  2480 | D:3      | Bought a scroll of teleportation for 30 gold pieces
  2514 | D:3      | Found Cerot's Magic Scroll Emporium.
  2596 | D:3      | Found Sotwomm's Weapon Shop.
  2665 | D:3      | Found a burning altar of Makhleb.
  2772 | D:3      | Found Has Hagg's Magic Scroll Shoppe.
  2906 | D:3      | Reached skill level 3 in Stealth
  2987 | D:3      | Found Xapynt's Antique Weapon Shop.
  3386 | D:4      | Reached XP level 5. HP: 34/35 MP: 4/8
  4030 | D:4      | Noticed an ogre
  4056 | D:4      | Noticed a necrophage
  4083 | D:4      | Killed a necrophage
  4084 | D:4      | Reached skill level 4 in Stealth
  4147 | D:4      | Learned a level 3 spell: Spider Form
  4190 | D:4      | Reached XP level 6. HP: 35/42 MP: 3/9
  4337 | D:4      | Reached skill level 5 in Stealth
  4733 | D:4      | Found a glowing golden altar of the Shining One.
  5232 | D:5      | Entered Level 5 of the Dungeon
  5235 | D:5      | Noticed a wraith
  5253 | D:5      | Slain by a wraith

Illustrated notes

Levels and vault maps discovered:
D:1:      onia_arrival_zoo_common, layout_basic, serial_aquarium,
          aquarium_bridge_long_joined [aquarium_subvault_bridge,
          aquarium_subvault_balcony, aquarium_subvault_wall,
          aquarium_subvault_wall, aquarium_subvault_wall,
          aquarium_subvault_window], aquarium_bridge_straight
          [aquarium_subvault_bridge, aquarium_subvault_wall,
          aquarium_subvault_bridge, aquarium_subvault_window],
          aquarium_window_fake, aquarium_window_2, aquarium_window_fake,
          aquarium_view_2c, aquarium_view_2c, aquarium_balcony_3b
D:2:      minmay_thinvault, layout_basic, ebering_ecumenical_altar_hall,
          dk_noncrumbling_2, minmay_misc_feat_four_crosses,
          lightli_corner_chamber
D:3:      layout_loops_ring, amcnicky_altar_gilded, serial_shops,
          nicolae_shop_stone, shop, nicolae_shop_waterfront,
          nicolae_shop_hallway_plus, shop
D:4:      layout_cave_pods, tso_metal_star, minivault_5
D:5:      layout_cave_pools, minivault_24, hangedman_feature_mirror,
          minmay_chambers_of_fives, uniq_menkaure

Skill      XL: |  1  2  3  4  5  6 |
---------------+-------------------+-----
Stealth        | 1 2 3 4 5 |  5.0
Fighting       | 2 3 4 |  4.1
Transmutations | 3 4 |  4.5
Dodging        | |  2.0
Unarmed Combat | |  3.0
Spellcasting   | |  2.0

Action                   |  1- 3 |  4- 6 || total
-------------------------+-------+-------++-------
Melee: Unarmed           |    80 |   114 ||   194
       Constrict         |    26 |    22 ||    48
       Kick              |    24 |    29 ||    53
       Tentacles         |    11 |    21 ||    32
       Punch             |     2 |     3 ||     5
 Cast: Beastly Appendage |    34 |    32 ||    66
       Wereblood         |       |    14 ||    14
       Spider Form       |       |     3 ||     3
  Use: Scroll            |       |     3 ||     3
 Stab: Sleeping          |     7 |     9 ||    16
Armor: Skin              |    14 |     4 ||    18
Dodge: Dodged            |    48 |    75 ||   123

Table legend: (Time is in decaauts)
 A = Elapsed time spent in this place.
 B = Non-inter-level travel time spent in this place.
 C = Inter-level travel time spent in this place.
 D = Time resting spent in this place.
 E = Time spent auto-exploring this place.
 F = Levels seen in this place.
 G = Mean time per level.
                   A        B        C        D        E       F      G
               +--------+--------+--------+--------+--------+-----+--------+
         Total |   5247 |   5164 |     83 |    771 |   3634 |   5 | 1049.4 |
       Dungeon |   5247 |   5164 |     83 |    771 |   3634 |   5 | 1049.4 |
               +--------+--------+--------+--------+--------+-----+--------+

Top non-repeatable levels by time:
     D:4: 1869 daAuts
     D:2: 1365 daAuts
     D:1: 997 daAuts
     D:3: 988 daAuts
     D:5: 27 daAuts
